Map: Dusk Towers

Players

PlayerOne

  • Race: Zerg Zerg

JusticeSimon - Winner!

  • Race: Protoss Protoss
  • League: Master

VOD

Have the link to the VOD?

Description

Time

  • Played on: March 13, 2016, 12:34 a.m.
  • Length: 8:11
Show
View Real Time Build Order
Export as new Build Order

PlayerOne Zerg 

Build Orders: Hatch First 

Get SALT Encoding   

  12  0:01  Drone  
  13  0:12  Overlord  
  13  0:17  Drone  
  14  0:31  Drone x2  
  14  0:35  Drone  
  17  0:53  Hatchery  
  17  0:56  Drone  
  17  0:59  Drone  
  18  1:07  Drone  
  19  1:27  Drone  
  19  1:28  Spawning Pool  
  19  1:40  Hatchery  
  19  1:44  Drone  
  19  1:47  Extractor  
  19  1:48  Drone  
  19  1:53  Overlord  
  19  2:04  Drone  
  19  2:08  Drone  
  21  2:13  Drone  
  22  2:21  Queen  
  22  2:22  Queen  
  26  2:25  Zergling x2  
  26  2:28  Drone  
  28  2:31  Drone  
  29  2:39  Drone x2  
  31  2:47  Drone  
  32  2:51  Overlord  
  32  2:55  Drone x2  
  32  2:58  Metabolic Boost  
  34  3:01  Drone  
  35  3:06  Drone x2  
  37  3:13  Drone x2  
  37  3:14  Queen  
  37  3:19  Drone  
  42  3:25  Overlord  
  42  3:33  Lair  
  42  3:35  Extractor  
  42  3:36  Extractor, Drone x4  
  42  3:38  Drone  
  42  3:40  Drone  
  46  3:42  Drone  
  46  3:48  Drone x3  
  50  3:53  Spore Crawler  
  49  4:07  Overlord  
  49  4:09  Drone x6  
  55  4:13  Overlord  
  55  4:19  Zergling x2  
  55  4:20  Zergling x4  
  55  4:22  Overlord  
  55  4:31  Spore Crawler  
  50  4:42  Drone x11  
  50  4:43  Drone  
  58  4:51  Spore Crawler  
  57  4:54  Zergling x2  
  57  4:55  Zergling x6  
  61  5:02  Hydralisk Den  
  60  5:08  Zergling x2  
  60  5:09  Zergling x4  
  62  5:24  Spore Crawler  
  62  5:25  Overlord x2  
  61  5:31  Drone x4  
  61  5:33  Extractor  
  63  5:37  Zergling x4  
  64  5:48  Zergling x2  
  64  5:49  Zergling x14  
  63  6:00  Drone  
  63  6:01  Drone x4  
  63  6:02  Drone  
  63  6:03  Zergling x2  
  62  6:04  Zergling x2  
  52  6:18  Zergling x10  
  47  6:24  Queen  
  48  6:29  Zergling x8  
  48  6:30  Zergling x6  
  39  6:43  Drone x4  
  37  6:57  Drone x3  
  38  7:06  Zergling x6  
  37  7:09  Queen  
  37  7:15  Drone x3  
  38  7:27  Hydralisk  
  38  7:28  Hydralisk x2  
  43  7:36  Drone x3  
  44  7:43  Hydralisk x2  
  47  7:44  Hydralisk  
Show
View Real Time Build Order
Export as new Build Order

JusticeSimon Protoss - Winner!

Build Orders: 1 Gate Expand, Oracle Opening, Phoenix Opening, Mass Adepts 

Get SALT Encoding   

  12  0:01  Probe (Chrono Boost)  
  13  0:11  Probe (Chrono Boost)  
  14  0:17  Pylon  
  14  0:22  Probe (Chrono Boost)  
  16  0:35  Probe (Chrono Boost)  
  16  0:40  Gateway  
  16  0:46  Probe (Chrono Boost)  
  16  0:47  Assimilator  
  17  0:56  Probe (Chrono Boost)  
  18  1:07  Probe (Chrono Boost)  
  19  1:23  Nexus  
  19  1:33  Cybernetics Core  
  19  1:37  Probe (Chrono Boost)  
  20  1:45  Assimilator  
  20  1:48  Probe (Chrono Boost)  
  21  1:58  Probe (Chrono Boost)  
  21  2:01  Pylon  
  22  2:09  Probe (Chrono Boost)  
  22  2:10  Warp Gate (Chrono Boost)  
  23  2:21  Probe  
  24  2:28  Stargate  
  24  2:33  Probe  
  24  2:34  Probe  
  26  2:38  Adept  
  28  2:45  Probe, Mothership Core  
  31  2:57  Probe  
  32  3:04  Probe  
  32  3:08  Gateway  
  32  3:09  Probe, Gateway  
  34  3:15  Probe  
  34  3:18  Oracle (Chrono Boost)  
  38  3:21  Probe  
  38  3:27  Probe  
  39  3:30  Pylon  
  40  3:35  Probe  
  40  3:37  Probe  
  42  3:46  Pylon  
  42  3:47  Probe  
  42  3:48  Probe  
  43  3:50  Phoenix (Chrono Boost)  
  46  4:01  Pylon  
  46  4:04  Assimilator  
  46  4:06  Adept x2  
  46  4:07  Adept  
  52  4:13  Phoenix (Chrono Boost)  
  52  4:15  Probe  
  52  4:16  Probe  
  56  4:27  Adept x3  
  62  4:34  Pylon  
  62  4:40  Probe  
  62  4:42  Probe  
  64  4:45  Twilight Council  
  64  4:51  Probe  
  64  4:54  Probe  
  64  4:58  Adept x3  
  72  5:02  Probe  
  72  5:05  Assimilator  
  72  5:06  Pylon, Probe  
  74  5:08  Pylon  
  74  5:18  Probe  
  74  5:19  Probe  
  76  5:22  Nexus  
  76  5:24  Resonating Glaives (Chrono Boost)  
  76  5:45  Probe  
  76  5:47  Probe, Adept x2  
  76  5:48  Adept  
  84  5:54  Robotics Facility  
  84  5:59  Probe  
  84  6:00  Probe  
  86  6:04  Pylon  
  86  6:08  Pylon  
  86  6:11  Probe  
  79  6:18  Adept x3  
  83  6:37  Probe  
  83  6:38  Probe x2  
  80  6:40  Adept x3  
  80  6:42  Immortal (Chrono Boost)  
  90  6:48  Probe  
  90  6:51  Probe, Forge  
  90  6:53  Forge  
  88  7:05  Probe x2  
  88  7:06  Probe  
  89  7:08  Adept  
  89  7:09  Adept x2  
  89  7:14  Pylon  
  95  7:15  Probe  
  95  7:17  Probe  
  95  7:18  Probe, Gateway  
  95  7:21  Gateway  
  95  7:22  Gateway  
  94  7:23  Pylon, Gateway  
  94  7:36  Probe  
  94  7:37  Probe  
  94  7:40  Probe  
  94  7:41  Stalker x2  
  105  7:44  Assimilator  
  105  7:48  Probe, Assimilator  
  105  7:50  Pylon  
  106  8:01  Stalker  
Tags
 
Add a new tag
Caveats
  • Supply blocks, unpowered buildings, or Contaminate may cause inaccurate times.
  • Supply counts are checked every 10 seconds.